 Dungeon Crawl Stone Soup version bcrawl-1.27.3 (webtiles) character file.

Game seed: 1671771339358426489

207451 Freyura the Covered (level 4, -12/41 HPs)
             Began as a Minotaur Fighter on Aug 9, 2020.
             Was an Initiate of Ru.
             Blown up by Sigmund (19 damage)
             ... with a wand of disintegration (8)
             ... on level 3 of the Dungeon.
             The game lasted 00:03:32 (1194 turns).

Freyura the Covered (Minotaur Fighter)              Turns: 1194, Time: 00:03:33

Health: -12/41     AC:  7    Str: 25    XL:     4   Next: 87%
Magic:  3/3        EV: 12    Int:  5    God:    Ru [......]
Gold:   153        SH: 11    Dex: 16    Spells: 3/3 levels left

rFire    . . .     SeeInvis .   a - +1 flail
rCold    . . .     Gourm    .   c - +1 medium shield
rNeg     . . .     Faith    .   b - +0 scale mail
rPois    .         Spirit   .   (helmet restricted)
rElec    .         Reflect  .   (no cloak)
rCorr    .         Harm     .   (no gloves)
MR       .....                  (no boots)
Stlth    +.........             (no amulet)
HPRegen  0.13/turn              (no ring)
MPRegen  0.08/turn              (no ring)

@: mighty, agile, very slightly contaminated, invisible
A: retaliatory headbutt, horns 2
a: Renounce Religion


You were on level 3 of the Dungeon.
You worshipped Ru.
Ru was noncommittal.
You were not hungry.

You visited 1 branch of the dungeon, and saw 3 of its levels.

You collected 153 gold pieces.

Inventory:

Hand Weapons
 a - a +1 flail (weapon)
Armour
 b - a +0 scale mail (worn)
 c - a +1 medium shield (worn)
Scrolls
 f - a scroll of enchant armour
Potions
 d - a potion of might
 g - a potion of invisibility
 j - a potion of flight
 k - 2 potions of curing
Comestibles
 e - 3 rations {!d}


   Skills:
 + Level 4.3 Fighting
 * Level 3.9 Maces & Flails
 + Level 4.4 Armour
 + Level 1.7 Dodging
 + Level 4.3 Shields


You had 3 spell levels left.
You didn't know any spells.
Your spell library was empty.

Dungeon Overview and Level Annotations

Branches:
Dungeon (3/12)

Altars:
Ru

Annotations:
D:3 Sigmund


Innate Abilities, Weirdness & Mutations

You reflexively headbutt those who attack you in melee.
You have a pair of horns on your head.


Message History

You are too injured to fight recklessly!
You are too injured to fight recklessly!
You are too injured to fight recklessly!
You are too injured to fight recklessly!
You are too injured to fight recklessly!
You are too injured to fight recklessly!
The kobold throws a stone.
You barely miss something. Something hits you but does no damage.
The orc barely misses you.
You miss something. Something hits you. You block the orc's attack.
You barely miss something. Something hits you!
* * * LOW HITPOINT WARNING * * *
You block the orc's attack.
You barely miss something. Your headbutt misses something.
The orc hits you but does no damage. Something hits you but does no damage.
You bludgeon something!! You block the orc's attack. x2
Your shield and scale mail prevent you from hitting something.
You hear a zap.
You are blasted!
You die...

...# .#
...#####'#+#
..#........
..#........
#.#........
#.#K.......
#)#{o......
##.)@....#
#.########
#........
#.##########
#.#.........
#.#.########
#.#.#####...
#.........#
#######.########


You could see an orc and a kobold.

Vanquished Creatures
  A crimson imp (D:2)
  An orc wizard (D:3)
  An ooze (D:1)
  An adder skeleton (D:2)
  3 worms (D:2)
  2 dart slugs (D:2)
  An orc (D:3)
  A ball python (D:1)
  5 bats
  5 hobgoblins
  4 jackals (D:2)
  2 quokkas (D:2)
  4 frilled lizards
  7 goblins
  4 kobolds
  7 rats
49 creatures vanquished.

Notes
Turn   | Place    | Note
-------+----------+-------------------------------------------
     0 | D:1      | Freyura the Minotaur Fighter began the quest for the Orb.
     0 | D:1      | Reached XP level 1. HP: 19/19 MP: 0/0
    69 | D:1      | Reached XP level 2. HP: 27/27 MP: 1/1
   626 | D:2      | Reached XP level 3. HP: 20/33 MP: 2/2
   729 | D:2      | Reached skill level 1 in Dodging
   777 | D:2      | Found a sacrificial altar of Ru.
   791 | D:2      | Became a worshipper of Ru the Awakened
  1029 | D:2      | Reached XP level 4. HP: 37/40 MP: 3/3
  1176 | D:3      | Noticed Sigmund
  1194 | D:3      | Blown up by Sigmund

Skill      XL: |  1  2  3 |
---------------+----------+-----
Armour         | 4 |  4.4
Maces & Flails | 3 |  3.9
Fighting       | 4 |  4.3
Dodging        | 1 |  1.7
Shields        | 4 |  4.3

Action                   |  1- 3 |  4- 6 || total
-------------------------+-------+-------++-------
Melee: Flail             |   109 |    11 ||   120
       Headbutt          |    22 |       ||    22
  Use: Scroll            |     2 |     5 ||     7
       Potion            |       |     3 ||     3
 Stab: Invisible         |       |     1 ||     1
  Eat: Chunk             |     4 |     1 ||     5
Armor: Scale mail        |    65 |     2 ||    67
Dodge: Dodged            |    30 |     4 ||    34
Block: Medium shield     |    56 |     7 ||    63
